 Dungeon Crawl Stone Soup version 0.30-a0-223-gcb0039aa0c (webtiles) character file.

Game seed: 5323169639631401282

5015 qw the Cleaver (level 10, -4/63 HPs)
             Began as a Gargoyle Fighter on Oct 9, 2022.
             Was a Priest of Okawaru.
             Slain by a death yak (13 damage)
             ... on level 9 of the Dungeon.
             The game lasted 00:02:49 (7733 turns).

qw the Cleaver (Gargoyle Fighter)                   Turns: 7733, Time: 00:02:49

Health: -4/63      AC: 25    Str: 22    XL:     10   Next: 54%
Magic:  11/13      EV:  9    Int: 12    God:    Okawaru [***...]
Gold:   471        SH:  6    Dex: 12    Spells: 9/9 levels left

rFire   + + .      SeeInvis .    Y - +0 war axe
rCold   + . .      Faith    .    c - +0 buckler
rNeg    + . .      Spirit   .    m - +0 plate armour of the Kettle-Drum {rF+ Slay+2}
rPois   inf        Reflect  .    (no helmet)
rElec   +          Harm     .    k - scarf {rC+ rF+}
rCorr   +          Rampage  .    a - +0 pair of gloves
Will    .....                    o - +0 pair of boots
Stlth   ..........               (no amulet)
HPRegen 0.30/turn                l - ring of resist corrosion
MPRegen 0.13/turn                (no ring)

@: heroic
A: sickness immunity, AC +7, negative energy resistance 1, electricity
resistance, torment resistance 1, petrification resistance, claws 1, talons 1,
agile 1, clever 1
a: Renounce Religion, Heroism


You were on level 9 of the Dungeon.
You worshipped Okawaru.
Okawaru was most pleased with you.
You visited 2 branches of the dungeon, and saw 10 of its levels.
You also visited: Sewer.

You collected 575 gold pieces.
You spent 104 gold pieces at shops.


Innate Abilities, Weirdness & Mutations

You are immune to sickness and miasma.
Your stone body is resilient. (AC +7)
You are immune to poison.
You resist negative energy. (rN+)
You are resistant to electric shocks. (rElec)
You are resistant to unholy torment.
You are immune to petrification.
You have sharp fingernails.
You have sharp toenails.
You are agile. (Dex +4, Str/Int -1)
Your mind is acute. (Int +4, Str/Dex -1)


   Skills:
 + Level 7.1(12.1) Fighting
 - Level 10.0(15.0) Axes
 - Level 3.5(8.5) Throwing
 - Level 7.1(12.1) Armour
 - Level 2.5(7.5) Dodging
 - Level 4.3(9.3) Shields
 - Level 4.1 Invocations


You had 9 spell levels left.
You didn't know any spells.
Your spell library was empty.

Inventory:

Hand Weapons
 u - a +3 vorpal morningstar
 Y - a +0 war axe (weapon)
Missiles
 b - 3 silver boomerangs (quivered)
 n - 6 boomerangs
Armour
 a - a +0 pair of gloves (worn)
 c - a +0 buckler (worn)
 k - a scarf of resistance (worn)
 m - the +0 plate armour of the Kettle-Drum (worn) {rF+ Slay+2}
   (You acquired it on level 8 of the Dungeon)

   Slay:      It affects your accuracy & damage with ranged weapons and melee
   (+2).
   rF:        It protects you from fire.
 o - a +0 pair of boots (worn)
Jewellery
 l - a ring of resist corrosion (left hand)
 s - a ring of fire
 t - a ring of fire
Scrolls
 e - a scroll of identify
Potions
 d - 4 potions of might
 f - 5 potions of curing
 g - 3 potions of mutation
 h - a potion of haste
 j - 4 potions of lignification
 p - 3 potions of resistance
 r - a potion of magic

Dungeon Overview and Level Annotations

Branches:
Dungeon (9/15)             Temple (1/1) D:5           Sewer (visited)
   Lair: D:8-11         Orc: D:9-12

Altars:
Ashenzari
Cheibriados
Dithmenos
Elyvilon
Gozag
Hepliaklqana
Kikubaaqudgha
Makhleb
Nemelex Xobeh
Okawaru
Qazlal
Ru
Sif Muna
Trog
Uskayaw
Vehumet
Wu Jian
Xom
Yredelemnul
Zin
The Shining One

Shops:
D:8 *


Message History

As you read the scroll of teleportation, it crumbles to dust.
You feel strangely unstable.
The death yak gores you but does no damage.
A yak comes into view.
You slice the death yak!!
The death yak is moderately wounded.
The death yak closely misses you.
You hit the death yak but do no damage.
The death yak is moderately wounded.
You slash the centaur!
You feel like a meek peon again.
The centaur unwields a +0 shortbow.
You block the centaur's attack.
The centaur kicks you but does no damage.
7729 ||| INVOKING Heroism.
You gain the combat prowess of a mighty hero.
The centaur hits you. You block the centaur's attack.
The death yak gores you but does no damage.
A death yak comes into view.
The centaur barely misses you.
The centaur kicks you but does no damage.
You barely miss the centaur.
The centaur is heavily wounded.
The death yak bellows!
You hit the death yak.
Your surroundings seem slightly different. 3 death yaks and a yak come into view.
Found a leather armour.
The death yak bellows! x3; The yak bellows!
The centaur wields a +0 shortbow.
The centaur shoots an arrow.
The arrow hits you but does no damage.
The yak moves out of view.
The centaur shoots an arrow.
The arrow hits you but does no damage.
You slash the death yak!
The death yak is moderately wounded.
You slash the death yak!
The death yak gores you but does no damage. x2
You hit the death yak but do no damage.
The death yak is moderately wounded.
You hit the death yak. The death yak gores you!
You die...

#....##.##.##.....
#...%#........###.
####..%........##
#.?....%...<..##
##............##
#.#....c..##...#
##..........#..##
..#....Y.##...##...
...[...Y@.###Y..##..
.......Y.Y# ...# ..
......#.Y... Y...
... ..#...###..... .
#... ....... ....
....... .... .......
#......


You could see 4 death yaks, a yak and a centaur.

Vanquished Creatures
  Pikel (D:5)
  Grinder (D:3)
  Sigmund (D:3)
  9 yaks
  A wraith (D:5)
  3 vampire mosquitoes (D:9)
  A water moccasin (D:8)
  An orc warrior (D:8)
  2 black bears
  2 centaurs
  2 ogres
  6 bullfrogs
  3 necrophages
  3 scorpions
  3 killer bees (D:8)
  2 howler monkeys
  A hound (D:5)
  2 jellies
  2 orc priests (D:8)
  A gnoll bouda (D:6)
  3 iguanas
  3 orc wizards
  Ijyb (D:3)
  11 gnolls
  10 adders
  3 river rats (Sewer)
  6 white imps
  An ufetubus (D:7)
  3 worms
  2 dart slugs (D:4)
  18 orcs
  2 bats
  8 endoplasms
  4 giant cockroaches
  15 goblins
  7 hobgoblins
  6 quokkas
  13 ball pythons
  4 frilled lizards
  4 kobolds
  11 rats
182 creatures vanquished.

Notes
Turn   | Place    | Note
-------+----------+-------------------------------------------
     0 | D:1      | qw the Gargoyle Fighter began the quest for the Orb.
     0 | D:1      | Reached XP level 1. HP: 14/14 MP: 1/1
     0 | D:1      | 0 ||| qw: Version: 0.2-a-17-g06abaee
     0 | D:1      | 0 ||| qw: Game counter: 2242
     0 | D:1      | 0 ||| qw: Always use a shield: true
     0 | D:1      | 0 ||| qw: God list: Okawaru
     0 | D:1      | 0 ||| qw: Allow faded altars: false
     0 | D:1      | 0 ||| qw: Do Orc after D:15 true
     0 | D:1      | 0 ||| qw: Do second Lair branch before Depths: true
     0 | D:1      | 0 ||| qw: Lair rune preference: random
     0 | D:1      | 0 ||| qw: Plans: Normal, Zot:1-4, God:TSO, Crypt, Tomb,
                  | Pan, Slime:5, Hells, Abyss, Orb
     0 | D:1      | 0 ||| PLANNING D:1-11
   353 | D:1      | Reached skill level 2 in Axes
   374 | D:1      | 374 ||| Stepping ~*~*~tactically~*~*~ (stealth).
   437 | D:1      | 437 ||| Stepping ~*~*~tactically~*~*~ (stealth).
   438 | D:1      | 438 ||| Stepping ~*~*~tactically~*~*~ (stealth).
   443 | D:1      | 443 ||| Stepping ~*~*~tactically~*~*~ (stealth).
   519 | D:1      | Reached XP level 2. HP: 18/19 MP: 2/2
   564 | D:1      | Found a faded altar of an unknown god.
   705 | D:1      | 705 ||| UPGRADING to +2 ring mail of willpower.
   715 | D:1      | 715 ||| DROPPING +0 scale mail.
   716 | D:1      | 716 ||| READING scroll labelled HAUL KOPAM.
   717 | D:1      | 717 ||| READING scroll labelled FIGIEG INLE.
   730 | D:1      | 730 ||| DRINKING 2 green potions.
   730 | D:1      | Gained mutation: You have sharp fingernails. [potion of
                  | mutation]
   730 | D:1      | Gained mutation: Your mind is acute. (Int +4, Str/Dex -1)
                  | [potion of mutation]
   730 | D:1      | Gained mutation: You are agile. (Dex +4, Str/Int -1)
                  | [potion of mutation]
   730 | D:1      | Gained mutation: You have sharp toenails. [potion of
                  | mutation]
   917 | D:2      | Reached skill level 3 in Axes
   964 | D:2      | 964 ||| Stepping ~*~*~tactically~*~*~ (stealth).
   969 | D:2      | Reached XP level 3. HP: 13/23 MP: 3/3
   976 | D:2      | HP: 5/23 [gnoll/+0 spear (4)]
   983 | D:2      | Reached XP level 4. HP: 8/28 MP: 4/4
  1066 | D:2      | 1066 ||| DROPPING +0 whip.
  1183 | D:2      | Reached skill level 4 in Axes
  1270 | D:2      | 1270 ||| Stepping ~*~*~tactically~*~*~ (hiding).
  1750 | D:2      | 1750 ||| UPGRADING to +0 pair of gloves.
  1755 | D:2      | 1755 ||| UPGRADING to +0 chain mail.
  1765 | D:2      | 1765 ||| DROPPING +2 ring mail of willpower.
  1766 | D:2      | 1766 ||| READING scroll labelled OSA JUDOMMON.
  1867 | D:2      | 1867 ||| READING 2 scrolls labelled FIUXIU VAHU.
  1868 | D:2      | 1868 ||| READING scroll labelled NECOANASUY.
  1869 | D:2      | 1869 ||| READING scroll labelled ZIDABESIUQ.
  1870 | D:2      | 1870 ||| DRINKING 2 brown potions.
  1871 | D:2      | 1871 ||| DROPPING potion of brilliance.
  1905 | D:3      | 1905 ||| PLANNING SEWER
  1905 | D:3      | 1905 ||| STAIRDANCE
  1921 | D:3      | 1921 ||| STAIRDANCE
  1975 | D:3      | 1975 ||| STAIRDANCE
  2041 | D:3      | Reached XP level 5. HP: 32/32 MP: 5/5
  2170 | D:3      | Found a glowing drain.
  2171 | D:3      | 2171 ||| UPGRADING to scarf of resistance.
  2176 | D:3      | 2176 ||| READING scroll labelled ZISCHAMN NEZA.
  2209 | Sewer    | Entered a sewer
  2287 | Sewer    | 2287 ||| Stepping ~*~*~tactically~*~*~ (water).
  2323 | Sewer    | Reached skill level 5 in Axes
  2560 | Sewer    | 2560 ||| READING scroll labelled XUSATR SON ERI.
  2561 | Sewer    | 2561 ||| READING scroll labelled KYOGHY UMASM.
  2562 | Sewer    | 2562 ||| READING scroll labelled VOFOJA XORIYG.
  2563 | Sewer    | 2563 ||| DRINKING 4 orange potions.
  2600 | D:3      | 2600 ||| PLANNING D:1-11
  2625 | D:3      | Noticed Grinder
  2626 | D:3      | 2626 ||| Stepping ~*~*~tactically~*~*~ (hiding).
  2639 | D:3      | Paralysed by Grinder for 2 turns
  2645 | D:3      | Paralysed by Grinder for 3 turns
  2652 | D:3      | Killed Grinder
  2653 | D:3      | Reached skill level 3 in Throwing
  2653 | D:3      | Reached XP level 6. HP: 23/37 MP: 6/6
  2737 | D:3      | Noticed Sigmund
  2738 | D:3      | 2738 ||| Stepping ~*~*~tactically~*~*~ (hiding).
  2758 | D:3      | Killed Sigmund
  2759 | D:3      | Reached XP level 7. HP: 36/41 MP: 7/7
  2819 | D:3      | 2819 ||| Stepping ~*~*~tactically~*~*~ (hiding).
  2822 | D:3      | 2822 ||| Stepping ~*~*~tactically~*~*~ (hiding).
  2874 | D:3      | You fall into a shaft and drop 2 floors!
  2874 | D:5      | Entered Level 5 of the Dungeon
  2990 | D:5      | Found a staircase to the Ecumenical Temple.
  2991 | D:5      | 2991 ||| PLANNING TEMPLE
  2991 | D:5      | 2991 ||| READING 2 scrolls of identify.
  2991 | D:5      | 2991 ||| IDENTIFYING yellow potion
  2992 | D:5      | 2992 ||| DROPPING potion of ambrosia.
  2999 | Temple   | Entered the Ecumenical Temple
  3005 | Temple   | 3005 ||| PLANNING OKAWARU WORSHIP
  3147 | Temple   | Became a worshipper of Warmaster Okawaru
  3148 | Temple   | 3148 ||| PLANNING D:1-11
  3295 | D:5      | Noticed Pikel
  3308 | D:5      | Killed Pikel
  3309 | D:5      | Reached skill level 7 in Axes
  3309 | D:5      | Reached XP level 8. HP: 29/48 MP: 8/8
  3387 | D:5      | 3387 ||| UPGRADING to +0 pair of boots.
  3392 | D:5      | 3392 ||| READING scroll labelled VICUXAKK KEADD.
  3393 | D:5      | 3393 ||| READING scroll labelled NIYX MEATI.
  3501 | D:3      | Noticed Ijyb
  3502 | D:3      | 3502 ||| Stepping ~*~*~tactically~*~*~ (hiding).
  3504 | D:3      | 3504 ||| Stepping ~*~*~tactically~*~*~ (hiding).
  3518 | D:3      | Killed Ijyb
  3785 | D:3      | 3785 ||| Stepping ~*~*~tactically~*~*~ (hiding).
  3809 | D:3      | 3809 ||| Stepping ~*~*~tactically~*~*~ (stealth).
  3812 | D:3      | 3812 ||| Stepping ~*~*~tactically~*~*~ (stealth).
  3981 | D:3      | 3981 ||| DROPPING amulet of magic regeneration.
  3982 | D:3      | 3982 ||| DRINKING 2 cyan potions.
  3983 | D:3      | 3983 ||| READING 2 scrolls of identify.
  3983 | D:3      | 3983 ||| IDENTIFYING emerald potion
  3984 | D:3      | 3984 ||| DROPPING potion of flight.
  4212 | D:4      | 4212 ||| Stepping ~*~*~tactically~*~*~ (hiding).
  4213 | D:4      | 4213 ||| Stepping ~*~*~tactically~*~*~ (hiding).
  4224 | D:4      | HP: 10/48 [ogre/+0 giant club (28)]
  4225 | D:4      | 4225 ||| DRINKING potion of heal wounds.
  4600 | D:4      | 4600 ||| UPGRADING to +0 plate armour.
  4610 | D:4      | 4610 ||| DROPPING +0 chain mail.
  4611 | D:4      | 4611 ||| DRINKING 2 coppery potions.
  4612 | D:4      | 4612 ||| READING 2 scrolls of identify.
  4612 | D:4      | 4612 ||| IDENTIFYING smoky dark potion
  4882 | D:5      | Noticed a wraith
  4906 | D:5      | Killed a wraith
  4907 | D:5      | Reached XP level 9. HP: 39/54 MP: 9/9
  4999 | D:5      | 4999 ||| Stepping ~*~*~tactically~*~*~ (stealth).
  5033 | D:5      | Found a shimmering blue altar of Sif Muna.
  5033 | D:5      | Found an ancient bone altar of Kikubaaqudgha.
  5203 | D:5      | 5203 ||| UPGRADING to ring of resist corrosion.
  5217 | D:5      | Found a shadowy altar of Dithmenos.
  5247 | D:6      | 5247 ||| Stepping ~*~*~tactically~*~*~ (stealth).
  5256 | D:6      | HP: 9/54 [ogre/+0 giant club (23)]
  5257 | D:6      | Reached * piety under Okawaru
  5258 | D:6      | Reached skill level 8 in Axes
  5261 | D:6      | 5261 ||| INVOKING Heroism.
  5310 | D:6      | 5310 ||| Stepping ~*~*~tactically~*~*~ (stealth).
  5464 | D:6      | Reached skill level 1 in Invocations
  5486 | D:6      | 5486 ||| INVOKING Heroism.
  5501 | D:6      | Reached skill level 6 in Fighting
  5824 | D:6      | 5824 ||| Stepping ~*~*~tactically~*~*~ (stealth).
  6001 | D:6      | 6001 ||| Stepping ~*~*~tactically~*~*~ (hiding).
  6004 | D:6      | 6004 ||| INVOKING Heroism.
  6209 | D:6      | 6209 ||| DRINKING 2 dark potions.
  6210 | D:6      | 6210 ||| READING 2 scrolls of identify.
  6210 | D:6      | 6210 ||| IDENTIFYING fuming yellow potion
  6211 | D:6      | 6211 ||| DROPPING potion of degeneration.
  6264 | D:7      | 6264 ||| INVOKING Heroism.
  6271 | D:7      | Reached skill level 3 in Invocations
  6325 | D:7      | 6325 ||| Stepping ~*~*~tactically~*~*~ (hiding).
  6326 | D:7      | 6326 ||| Stepping ~*~*~tactically~*~*~ (hiding).
  6474 | D:7      | 6474 ||| Stepping ~*~*~tactically~*~*~ (stealth).
  6475 | D:7      | 6475 ||| Stepping ~*~*~tactically~*~*~ (stealth).
  6551 | D:7      | 6551 ||| Stepping ~*~*~tactically~*~*~ (hiding).
  6552 | D:7      | 6552 ||| Stepping ~*~*~tactically~*~*~ (hiding).
  6814 | D:7      | 6814 ||| READING 2 scrolls of identify.
  6814 | D:7      | 6814 ||| IDENTIFYING pink potion
  6815 | D:7      | 6815 ||| DROPPING potion of invisibility.
  6842 | D:8      | 6842 ||| INVOKING Heroism.
  6862 | D:8      | Reached skill level 9 in Axes
  6862 | D:8      | Reached ** piety under Okawaru
  7000 | D:8      | 7000 ||| Stepping ~*~*~tactically~*~*~ (stealth).
  7003 | D:8      | 7003 ||| Stepping ~*~*~tactically~*~*~ (stealth).
  7007 | D:8      | 7007 ||| INVOKING Heroism.
  7014 | D:8      | HP: 13/55 [yak (3)]
  7015 | D:8      | HP: 6/55 [yak (7)]
  7018 | D:8      | Reached skill level 6 in Armour
  7018 | D:8      | Reached XP level 10. HP: 7/60 MP: 11/13
  7074 | D:8      | 7074 ||| INVOKING Heroism.
  7075 | D:8      | 7075 ||| Stepping ~*~*~tactically~*~*~ (stealth).
  7089 | D:8      | 7089 ||| FLEEEEING.
  7092 | D:8      | 7092 ||| FLEEEEING.
  7093 | D:8      | 7093 ||| FLEEEEING.
  7097 | D:8      | 7097 ||| FLEEEEING.
  7100 | D:8      | 7100 ||| FLEEEEING.
  7101 | D:8      | 7101 ||| FLEEEEING.
  7102 | D:8      | 7102 ||| FLEEEEING.
  7103 | D:8      | 7103 ||| FLEEEEING.
  7104 | D:8      | 7104 ||| STAIRDANCE
  7197 | D:7      | 7197 ||| READING 2 scrolls of identify.
  7197 | D:7      | 7197 ||| IDENTIFYING purple potion
  7233 | D:8      | Found Xoum's CLEARANCE SALE!.
  7243 | D:8      | 7243 ||| BUYING +3 vorpal morningstar (92 gold).
  7243 | D:8      | Bought a +3 vorpal morningstar for 92 gold pieces
  7243 | D:8      | 7243 ||| BUYING scroll of teleportation (12 gold).
  7243 | D:8      | Bought a scroll of teleportation for 12 gold pieces
  7243 | D:8      | 7243 ||| DROPPING +2 vorpal flail.
  7260 | D:8      | 7260 ||| Stepping ~*~*~tactically~*~*~ (stealth).
  7316 | D:8      | Found a flagged portal.
  7373 | D:8      | 7373 ||| Stepping ~*~*~tactically~*~*~ (hiding).
  7380 | D:8      | 7380 ||| INVOKING Heroism.
  7390 | D:8      | 7390 ||| Stepping ~*~*~tactically~*~*~ (stealth).
  7395 | D:8      | 7395 ||| INVOKING Heroism.
  7646 | D:8      | 7646 ||| READING scroll labelled KAIVVO ZEALLOA.
  7646 | D:8      | Identified a scroll of acquirement
  7646 | D:8      | 7646 ||| ACQUIRING +0 plate armour of the Kettle-Drum {rF+
                  | Slay+2}
  7646 | D:8      | Acquired the +0 plate armour of the Kettle-Drum {rF+
                  | Slay+2}
  7648 | D:8      | 7648 ||| UPGRADING to +0 plate armour of the Kettle-Drum
                  | {rF+ Slay+2}.
  7658 | D:8      | 7658 ||| DROPPING +0 plate armour.
  7659 | D:8      | 7659 ||| READING scroll labelled MOUSOJ BOENEE.
  7696 | D:9      | 7696 ||| INVOKING Heroism.
  7703 | D:9      | Reached *** piety under Okawaru
  7718 | D:9      | Reached skill level 10 in Axes
  7718 | D:9      | Noticed a death yak
  7725 | D:9      | HP: 11/63 [death yak (14)]
  7726 | D:9      | 7726 ||| READING scroll of teleportation.
  7729 | D:9      | 7729 ||| INVOKING Heroism.
  7729 | D:9      | Noticed a death yak
  7730 | D:9      | Noticed a death yak
  7730 | D:9      | Noticed a death yak
  7730 | D:9      | Noticed a death yak
  7733 | D:9      | Slain by a death yak

Levels and vault maps discovered:
D:1:      psy_arrival_radial01, layout_loops_ring,
          hellmonk_ecumenical_altar_inner_sanctum
D:2:      layout_loops_ring, serial_co_window_serial, co_window_cross_1,
          co_window_paths_b, co_window_paths_a, co_window_of_opportunity_a,
          co_window_paths_b, co_window_of_opportunity_b, co_window_paths_c,
          co_window_broadway_c, co_window_paths_c, glass_columns_a
D:3:      minmay_chambers_of_threes, layout_loops_ring, portal_sewer_entry_f,
          uniq_ijyb, uniq_sigmund, uniq_grinder
D:4:      kennysheep_spiral_hall, layout_basic
D:5:      nicolae_cairo_tiling, layout_loops_ring,
          nicolae_overflow_hidden_temple, minitemple, minmay_temple_entry_trees,
          hangedman_decor_growths, uniq_pikel
D:6:      layout_loops_cross
D:7:      layout_gridville
D:8:      layout_rooms, enter_bailey_5, minmay_misc_feat_chi,
          nicolae_shop_clearance
D:9:      layout_cave_pools, dpeg_lair_monsters, nicolae_lava_and_water
Temple:   regret_index_temple_chain_breaker

Skill      XL: |  1  2  3  4  5  6  7  8  9 10 |
---------------+-------------------------------+-----
Axes           | 2 3 4 5 7 9 10 | 10.0
Throwing       | 3 |  3.5
Dodging        | 2 |  2.5
Fighting       | 4 5 6 7 |  7.1
Armour         | 5 6 7 |  7.1
Invocations    | 4 |  4.1
Shields        | 4 |  4.3

Action                   |  1- 3 |  4- 6 |  7- 9 | 10-12 || total
-------------------------+-------+-------+-------+-------++-------
Melee: War axe           |    43 |   154 |   297 |    76 ||   570
       Kick              |     8 |    30 |    11 |       ||    49
       Unarmed           |       |       |     9 |       ||     9
Throw: Boomerang         |       |    24 |     9 |     6 ||    39
       Javelin           |       |       |    41 |     6 ||    47
Invok: Heroism           |       |       |     6 |     5 ||    11
  Use: Scroll            |     2 |     8 |     7 |     4 ||    21
       Potion            |     1 |     2 |     4 |       ||     7
 Stab: Distracted        |       |       |     1 |       ||     1
Armor: Scale mail        |     5 |       |       |       ||     5
       Ring mail         |    12 |    16 |       |       ||    28
       Chain mail        |       |    78 |    59 |       ||   137
       Plate armour      |       |       |   153 |    55 ||   208
       Skin              |       |       |     3 |       ||     3
Dodge: Dodged            |    25 |    52 |   130 |    34 ||   241
Block: Buckler           |    13 |    29 |    81 |    20 ||   143

Table legend:
 A = Non-vault XP
 B = Vault XP
 C = Vault XP percentage of total XP
 D = Non-vault monster count
 E = Vault monster count
 F = Vault count percentage of total count
                 A         B        C        D         E       F
            +---------+---------+-------+---------+---------+-------
      Total |    5827 |    1338 |  18.7 |     137 |      45 |  24.7
            +---------+---------+-------+---------+---------+-------
        D:1 |      11 |       0 |   0.0 |       7 |       0 |   0.0
        D:2 |     141 |       0 |   0.0 |      23 |       0 |   0.0
        D:3 |      61 |     571 |  90.3 |      18 |      19 |  51.4
        D:4 |     217 |      27 |  11.1 |      17 |       4 |  19.0
        D:5 |     700 |     663 |  48.6 |      15 |       1 |   6.2
        D:6 |     791 |       0 |   0.0 |      15 |       0 |   0.0
        D:7 |     371 |       0 |   0.0 |       6 |       0 |   0.0
        D:8 |    1777 |       8 |   0.4 |      25 |       4 |  13.8
        D:9 |    1758 |       0 |   0.0 |      11 |       0 |   0.0
      Sewer |       0 |      69 | 100.0 |       0 |      17 | 100.0
            +---------+---------+-------+---------+---------+-------
